 Dungeon Crawl Stone Soup version 0.30-a0-937-ga0a21ad780 (webtiles) character file.

Game seed: 10780788170108762199

123 Zenkrye the Poker (level 5, -16/41 HPs)
             Began as a Human Cinder Acolyte on Mar 24, 2023.
             Was a High Priest of Ignis.
             Demolished by a sleepcap (20 damage)
             ... on level 3 of the Dungeon.
             The game lasted 00:04:39 (2684 turns).

Zenkrye the Poker (Human Cinder Acolyte)            Turns: 2684, Time: 00:04:40

Health: -16/41     AC:  7    Str: 16    XL:     5   Next: 28%
Magic:  2/6        EV:  2    Int: 14    God:    Ignis [*****.]
Gold:   163        SH:  0    Dex:  9    Spells: 4/6 levels left

rFire   + . .      SeeInvis .    a - +0 spear (flame)
rCold   . . .      Faith    .    (no shield)
rNeg    . . .      Spirit   .    o - +1 scale mail
rPois   .          Reflect  .    (no helmet)
rElec   .          Rampage  .    (no cloak)
rCorr   .                        (no gloves)
Will    .....                    (no boots) Stlth
                                 (no amulet)
HPRegen 0.26/turn                (no ring)
MPRegen 0.10/turn                (no ring)

@: sleeping, very slightly contaminated
A: no striking features
a: Renounce Religion, Fiery Armour, Foxfire Swarm, Rising Flame


You were on level 3 of the Dungeon.
You worshipped Ignis.
Ignis was extremely pleased with you.
You visited 1 branch of the dungeon, and saw 4 of its levels.

You collected 163 gold pieces.

Inventory:

Hand Weapons
 a - a +0 spear of flaming (weapon)
Armour
 b - a +0 robe
 j - a +0 leather armour
 o - a +1 scale mail (worn)
Scrolls
 c - a scroll of vulnerability
 g - a scroll of fear
 i - a scroll of enchant weapon
 k - a scroll of teleportation {@r3}
Potions
 d - a potion of cancellation
 f - a potion of might {@q4}
 h - 3 potions of curing {unknown}
 l - a potion of berserk rage {unknown}
 n - a potion of brilliance {unknown}
 p - a potion of degeneration {unknown}


   Skills:
 - Level 3.0 Fighting
 + Level 5.6 Polearms
 - Level 1.0 Spellcasting
 - Level 3.0 Fire Magic


You had 4 spell levels left.
You knew the following spells:

 Your Spells              Type           Power      Damage    Failure   Level
a - Scorch                Fire           18%        2d6       41%         2

Your spell library contained the following spells:

 Spells                   Type           Power      Damage    Failure   Level


Dungeon Overview and Level Annotations

Branches:
Dungeon (4/15)
 Temple: D:4-7

Altars:

Shops:
D:1 [

Annotations:
D:3 2 transporters, oldplebian's ghost, amateur HOCA


Message History

The sleepcap is lightly damaged.
The sleepcap's fire resistance burns away.
The sleepcap completely misses you.
Casting: Scorch (dangerous; 41% risk of failure)
Confirm with . or Enter, or press ? or * to list all spells.
You miscast Scorch.
Nothing appears to happen.
The sleepcap releases spores at you.
* * * LOW HITPOINT WARNING * * *
Casting: Scorch (dangerous; 41% risk of failure)
Confirm with . or Enter, or press ? or * to list all spells.
You don't have enough magic to cast this spell.
You hit the sleepcap but do no damage.
The sleepcap is lightly damaged.
The sleepcap misses you.
You hit the sleepcap but do no damage.
The sleepcap is lightly damaged.
The sleepcap is no longer more vulnerable to fire.
You hit the sleepcap. You burn the sleepcap.
The sleepcap is moderately damaged.
The sleepcap releases spores at you.
* * * LOW HITPOINT WARNING * * *
Magic courses through your body.
The sleepcap releases spores at you but does no damage.
Casting: Scorch (dangerous; 41% risk of failure)
Confirm with . or Enter, or press ? or * to list all spells.
Flames lash the sleepcap.
The sleepcap is moderately damaged.
The sleepcap's fire resistance burns away.
The sleepcap releases spores at you.
* * * LOW HITPOINT WARNING * * *
Casting: Scorch (dangerous; 41% risk of failure)
Confirm with . or Enter, or press ? or * to list all spells.
Flames lash the sleepcap.
The sleepcap is heavily damaged.
The sleepcap releases spores at you.
* * * LOW HITPOINT WARNING * * *
You are engulfed in a cloud of soporific spores!
You fall asleep.
The sleepcap releases spores at you!!
You die...

.....######..##
..............#
.....######.### ....##
##.# ###### ...##
#..#####....# ####
#####........####
####.....#####....#
#.......######.##.#
###.#..#####...f@...#
......##.....####.###
................#.#
................#.#######
.#############..........#
.#...... ....#..........#
.#..........Z#..........#
.#Z.###.###..#..........#
.#Z.#8#. 8#..#..........#


You could see a sleepcap (combustible).

Vanquished Creatures
  8 adders
  A worm (D:2)
  2 dart slugs (D:1)
  7 ball pythons
  5 endoplasms
  A giant cockroach (D:2)
  4 goblins
  A hobgoblin (D:2)
  5 kobolds
  3 quokkas
  2 bats
  A frilled lizard (D:1)
  5 rats
45 creatures vanquished.

Notes
Turn   | Place    | Note
-------+----------+-------------------------------------------
     0 | D:1      | Zenkrye the Human Cinder Acolyte began the quest for the
                  | Orb.
     0 | D:1      | Reached XP level 1. HP: 18/18 MP: 2/2
   261 | D:1      | Reached XP level 2. HP: 20/24 MP: 3/3
   264 | D:1      | Learned a level 2 spell: Scorch
   303 | D:1      | Found Byics's Antique Armour Emporium.
   580 | D:1      | Reached skill level 4 in Polearms
   580 | D:1      | Reached XP level 3. HP: 29/29 MP: 4/4
  1447 | D:2      | Reached XP level 4. HP: 35/35 MP: 0/5
  1767 | D:2      | Reached skill level 5 in Polearms
  2092 | D:3      | Reached XP level 5. HP: 41/41 MP: 1/6
  2278 | D:3      | Found a transporter.
  2281 | D:3      | Noticed oldplebian's ghost (amateur HOCA)
  2292 | D:3      | Noticed a phantom
  2355 | D:3      | Found a transporter.
  2613 | D:4      | Noticed an ogre
  2684 | D:3      | Demolished by a sleepcap

Illustrated notes

Levels and vault maps discovered:
D:1:      beargit_arrival_greenhouse, layout_basic, serial_shops, shop,
          minmay_pentomino_v2
D:2:      layout_loops_ring, minivault_23, minmay_fountain_box
D:3:      layout_rooms, gammafunk_ghost_mausoleum, dreamdust_princess_bridge
D:4:      minmay_octagon_keep, layout_basic, temple_doors_e, serial_rivers,
          chequers_serial_rivers_small_a, chequers_serial_rivers_marsh,
          chequers_serial_rivers_small_3, chequers_serial_rivers_marsh,
          chequers_serial_rivers_marsh, chequers_serial_rivers_marsh,
          minmay_misc_feat_x, minmay_three_crescents, uniq_ijyb

Skill      XL: |  1  2  3  4 |
---------------+-------------+-----
Polearms       | 4 5 |  5.6
Fighting       | |  3.0
Spellcasting   | |  1.0
Fire Magic     | |  3.0

Action                     |  1- 3 |  4- 6 || total
---------------------------+-------+-------++-------
  Melee: Spear             |    95 |    59 ||   154
         Punch             |     2 |       ||     2
   Cast: Scorch            |     7 |    12 ||    19
    Use: Scroll            |     7 |     3 ||    10
         Potion            |       |     1 ||     1
 Armour: Robe              |     3 |       ||     3
         Leather armour    |    12 |     7 ||    19
         Scale mail        |       |    16 ||    16
  Dodge: Dodged            |    38 |    30 ||    68

Table legend: (Time is in decaauts)
 A = Elapsed time spent in this place.
 B = Non-inter-level travel time spent in this place.
 C = Inter-level travel time spent in this place.
 D = Time resting spent in this place.
 E = Time spent auto-exploring this place.
 F = Levels seen in this place.
 G = Mean time per level.
                   A        B        C        D        E       F      G
               +--------+--------+--------+--------+--------+-----+--------+
         Total |   2666 |   2573 |     93 |     93 |   2043 |   4 |  666.5 |
       Dungeon |   2666 |   2573 |     93 |     93 |   2043 |   4 |  666.5 |
               +--------+--------+--------+--------+--------+-----+--------+

Top non-repeatable levels by time:
     D:1: 1037 daAuts
     D:2: 910 daAuts
     D:3: 607 daAuts
     D:4: 110 daAuts
